 Seeded DCSS version 0.30-a0-696-g2367cd04db (webtiles) character file.

Game seed: 2721199303573115971 (custom seed)

27066 acebull12 the Carver (level 13, -5/122 HPs)
             Began as a Minotaur Fighter on Jan 20, 2023.
             Was the Champion of Okawaru.
             Killed by divine providence
             ... invoked by a daeva
              (10 damage)
             ... on level 5 of the Abyss.
             The game lasted 00:29:22 (11890 turns).

acebull12 the Carver (Minotaur Fighter)            Turns: 11890, Time: 00:29:23

Health: -5/122     AC: 16    Str: 25    XL:     13   Next: 2%
Magic:  8/8        EV: 20    Int:  7    God:    Okawaru [******]
Gold:   1622       SH: 14    Dex: 28    Spells: 12/12 levels left

rFire   + + +      SeeInvis +    q - +10 zealot's sword {holy, Zealotry, *Rage rN+ EV+3}
rCold   + . .      Faith    .    P - +6 buckler of a wizard's laboratory {rPois rF++ rCorr MP-9}
rNeg    + . .      Spirit   .    O - +2 ring mail "Enidoid" {Int+2 Dex+2 Slay+3 SInv}
rPois   +          Reflect  .    (helmet restricted)
rElec   .          Harm     .    h - scarf {rC+ rF+}
rCorr   +          Rampage  .    Z - +2 pair of gloves {Str+3}
Will    .....      Rage     20%  X - +2 pair of boots
Stlth   +                        m - amulet of regeneration
HPRegen 1.20/turn                r - +6 ring of dexterity
MPRegen 0.11/turn                J - +6 ring of dexterity

@: glowing, studying Summonings
A: horns 2, retaliatory headbutt
a: Renounce Religion, Heroism, Finesse, Duel


You were on level 5 of the Abyss.
You worshipped Okawaru.
Okawaru was exalted by your worship.
You visited 2 branches of the dungeon, and saw 13 of its levels.
You visited the Abyss 1 time.

You collected 1622 gold pieces.

Inventory:

Hand Weapons
 q - the +10 zealot's sword (weapon) {holy, Zealotry, *Rage rN+ EV+3}
   (You found it on level 2 of the Dungeon)

   Zealotry:  Whenever the wielder enters a berserk rage, their allies are
   berserked alongside them.
   EV:        It affects your evasion (+3).
   rN:        It protects you from negative energy.
   *Rage:     It berserks you when you make melee attacks (+20% chance).
 I - a +2 scimitar of protection
Missiles
 c - 2 silver javelins
 i - 97 stones (quivered)
 j - 39 poisoned darts
 p - an atropa-tipped dart
 D - 16 boomerangs
 H - 5 datura-tipped darts
 M - 8 javelins
 Q - 3 throwing nets
 R - 2 boomerangs of dispersal
 S - 2 silver boomerangs
 T - 4 curare-tipped darts
Armour
 h - a scarf of resistance (worn)
 O - the +2 ring mail "Enidoid" (worn) {Int+2 Dex+2 Slay+3 SInv}
   (You took it off a gnoll sergeant on level 8 of the Dungeon)

   Int:       It affects your intelligence (+2).
   Dex:       It affects your dexterity (+2).
   Slay:      It affects your accuracy & damage with ranged weapons and melee
   (+3).
   SInv:      It lets you see invisible.
 P - the +6 buckler of a wizard's laboratory (worn) {rPois rF++ rCorr MP-9}
   (You took it off a gnoll sergeant on level 8 of the Dungeon)

   rF:        It greatly protects you from fire.
   rPois:     It protects you from poison.
   MP:        It affects your magic capacity (-9).
   rCorr:     It protects you from acid and corrosion.
 X - a +2 pair of boots (worn)
 Z - a +2 pair of gloves of strength (worn)
Jewellery
 e - the ring "Iblif" {*Slow Fly rElec rF+ Str+8}
   (You took it off a gnoll on level 8 of the Dungeon)

   [ring of flight]

   Str:       It affects your strength (+8).
   rF:        It protects you from fire.
   rElec:     It insulates you from electricity.
   Fly:       It grants you flight.
   *Slow:     It may slow you when you take damage.
 g - a ring of flight
 m - an amulet of regeneration (around neck)
 r - a +6 ring of dexterity (left hand)
 J - a +6 ring of dexterity (right hand)
Wands
 b - a wand of flame (26)
 f - a wand of polymorph (7)
 E - a wand of iceblast (11)
 F - a wand of mindburst (16)
 N - a wand of light (6)
Scrolls
 a - 3 scrolls of fog
 t - 4 scrolls of teleportation
 w - 2 scrolls of vulnerability {unknown}
 A - 2 scrolls of magic mapping {unknown}
 B - 2 scrolls of blinking {unknown}
 C - 2 scrolls of silence {unknown}
Potions
 d - a potion of might
 k - 2 potions of mutation
 l - a potion of magic {unknown}
 n - 3 potions of berserk rage {unknown}
 s - 2 potions of haste {unknown}
 u - 2 potions of cancellation {unknown}
 x - 5 potions of curing
 z - 2 potions of heal wounds
 K - 2 potions of resistance {unknown}
 U - a potion of lignification {unknown}
 W - a potion of brilliance


   Skills:
 + Level 13.5 Fighting
 - Level 14.0 Long Blades
 * Level 7.9 Throwing
 - Level 10.0 Armour
 + Level 7.3 Dodging
 - Level 1.6 Stealth
 - Level 7.0 Shields
 * Level 6.7 Invocations


You had 12 spell levels left.
You didn't know any spells.
Your spell library contained the following spells:

 Spells                   Type           Power      Damage    Failure   Level
 Freeze                   Ice            0%         1d3       63%         1
 Necrotise                Necr           0%         1d4       63%         1
 Frozen Ramparts          Ice            0%         1d1       94%         3
 Hailstorm                Conj/Ice       0%         3d3       94%         3
 Vampiric Draining        Necr           0%         2d6       94%         3
 Cause Fear               Hex            0%         N/A       100%        4
 Agony                    Necr           0%         N/A       100%        5
 Blade Hands              Tmut           0%         N/A       100%        5
 Yara's Violent Unravell  Hex/Tmut       0%         3d3       100%        5
 Iron Shot                Conj/Erth      0%         9d1       100%        6
 Dragon Form              Tmut           0%         N/A       100%        7
 Enfeeble                 Hex            0%         N/A       100%        7
 Animate Armour           Summ/Erth      Unusable   N/A       N/A         4
 Dragon's Call            Summ           Unusable   N/A       N/A         9

Dungeon Overview and Level Annotations

Branches:
Dungeon (12/15)            Temple (1/1) D:6            Lair (0/5) D:10
    Orc (0/2) D:10

Altars:
Dithmenos
Kikubaaqudgha
Makhleb
Okawaru
Ru
Sif Muna
Xom

Shops:
D:2 *   D:3 (

Annotations:
D:12 Erolcha


Innate Abilities, Weirdness & Mutations

You have a pair of horns on your head.
You reflexively headbutt those who attack you in melee.


Message History

The chaos spawn briefly grows a face disturbingly similar to your own.
The daeva blocks your attack.
You headbutt the daeva!
The daeva is moderately wounded.
The daeva hits you but does no damage. The daeva closely misses you.
The large abomination barely misses you.
The daeva blocks your attack.
The daeva is moderately wounded.
The daeva attacks as you move away! The daeva barely misses you.
The daeva misses you. The daeva blocks your attack.
The daeva is moderately wounded.
The daeva barely misses you. The daeva misses you.
You slice the daeva!!
The daeva is heavily wounded.
The daeva barely misses you.
The daeva hits you with a +4 long sword of holy wrath!
The daeva blocks your attack.
The daeva is heavily wounded.
The large abomination completely misses you.
The daeva hits you with a +4 long sword of holy wrath!!
* * * LOW HITPOINT WARNING * * *
The daeva hits you with a +4 long sword of holy wrath.
* * * LOW HITPOINT WARNING * * *
You feel your health improve.
The daeva calls down the wrath of the Shining One upon you.
The Shining One smites you!
* * * LOW HITPOINT WARNING * * *
You slice the large abomination!!
The large abomination convulses!!
The large abomination is almost destroyed.
You slice the large abomination!!
You destroy the large abomination!
Okawaru accepts your kill.
The daeva calls down the wrath of the Shining One upon you.
The Shining One smites you!
* * * LOW HITPOINT WARNING * * *
A large abomination comes into view.
You recover from your berserk rage.
The daeva calls down the wrath of the Shining One upon you.
The Shining One smites you!
You die...

#.. . .#. ..# #+.#.
#...#. ...#.# .....#
.#..### ... ~~≈.#.
.....#... .
~~≈~~###..##.# .# #
#.#~~~~≈~.#...##.# #
#X...~~≈ ~#.. #.## #
#....#~~~~≈....#.#
###@####~.~~~...#
#.....A........~#.##
##.....####....~≈..
#......# #..... #~#
#..##....# ## ....#~
##. #.#... #.##.## #
# ...####. X## .#
.#... #.# .. .#. .#.
..#


You could see a daeva and a large abomination.

Vanquished Creatures
  Kirke (D:12)
  The ghost of IdlyInterested the Basher, a journeyman DsGl (D:10)
  4 centaur warriors
  2 boulder beetles
  3 two-headed ogres (D:11)
  3 thrashing horrors (Abyss:5)
  Urug (D:10)
  A sixfirhy (Abyss:5)
  The ghost of PimpSugar the Magician, a novice DsHW of Vehumet (D:8)
  The ghost of bmack86 the Cleaver, a novice MiFi (D:7)
  A deep elf pyromancer (D:12)
  3 ugly things (D:12)
  An orc knight (D:11)
  A worldbinder (Abyss:5)
  2 large abominations (Abyss:5)
  A gargoyle (D:11)
  An unseen horror (D:11)
  A spectral unseen horror (D:7)
  3 trolls
  2 hornets
  Grinder (D:3)
  6 slime creatures
  Sigmund (D:5)
  3 shadows
  A wraith (D:12)
  A human (D:12)
  6 hogs (D:12)
  11 yaks
  A neqoxec (Abyss:5)
  A steam dragon (D:10)
  A vampire mosquito (D:11)
  An acid dragon (D:11)
  4 wargs (D:10)
  Edmund (D:5)
  2 water moccasins
  15 orc warriors
  A black bear (D:7)
  A sky beast (D:6)
  An ice beast (D:7)
  7 centaurs
  4 ogres
  3 phantoms
  2 kobold brigands
  A bullfrog (D:6)
  5 necrophages
  5 gnoll sergeants
  3 scorpions
  8 wights
  13 killer bees
  A howler monkey (D:8)
  2 jellies
  A wyvern simulacrum (D:7)
  2 gnoll boudas
  13 orc priests
  3 hounds
  3 iguanas
  Terence (D:3)
  17 orc wizards
  2 killer bee zombies (D:7)
  A howler monkey zombie (D:7)
  17 gnolls
  11 adders
  A shadow imp (D:6)
  A white imp (D:7)
  58 orcs
  10 endoplasms
  A giant cockroach (D:1)
  9 goblins
  7 hobgoblins
  4 quokkas
  6 ball pythons
  3 bats (D:2)
  4 frilled lizards
  10 kobolds
  6 rats
338 creatures vanquished.

Vanquished Creatures (others)
  6 plants (D:8)
  5 starspawn tentacles (Abyss:5)
11 creatures vanquished.

Grand Total: 349 creatures vanquished

Notes
Turn   | Place    | Note
-------+----------+-------------------------------------------
     0 | D:1      | acebull12 the Minotaur Fighter began the quest for the Orb.
     0 | D:1      | Reached XP level 1. HP: 19/19 MP: 0/0
   744 | D:2      | Reached XP level 2. HP: 7/27 MP: 1/1
  1054 | D:2      | Reached XP level 3. HP: 33/33 MP: 2/2
  1089 | D:2      | Found the +10 zealot's sword {holy, Zealotry, *Rage rN+
                  | EV+3}
  1444 | D:2      | Found Karghu's Assorted Antiques.
  1461 | D:2      | Reached skill level 3 in Long Blades
  2175 | D:3      | Reached XP level 4. HP: 40/40 MP: 3/3
  2537 | D:3      | Reached skill level 4 in Long Blades
  2610 | D:3      | Noticed Grinder
  2611 | D:3      | Paralysed by Grinder for 5 turns
  2618 | D:3      | Killed Grinder
  2619 | D:3      | Reached skill level 5 in Long Blades
  2619 | D:3      | Reached skill level 5 in Armour
  2619 | D:3      | Reached XP level 5. HP: 47/47 MP: 4/4
  2619 | D:3      | Reached XP level 6. HP: 53/53 MP: 5/5
  2759 | D:3      | Noticed Terence
  2766 | D:3      | Killed Terence
  2960 | D:3      | Found Asiul's Antique Weapon Boutique.
  3130 | D:4      | Reached skill level 6 in Long Blades
  3130 | D:4      | Reached skill level 5 in Shields
  3433 | D:4      | Found an ancient bone altar of Kikubaaqudgha.
  3502 | D:4      | Reached XP level 7. HP: 50/60 MP: 6/6
  3504 | D:4      | Reached skill level 7 in Long Blades
  3630 | D:4      | Found a burning altar of Makhleb.
  3695 | D:5      | Entered Level 5 of the Dungeon
  3954 | D:5      | Reached skill level 8 in Long Blades
  4030 | D:5      | Reached skill level 5 in Fighting
  4030 | D:5      | Reached XP level 8. HP: 68/68 MP: 7/7
  4151 | D:5      | Reached skill level 9 in Long Blades
  4233 | D:5      | Noticed Sigmund
  4243 | D:5      | Killed Sigmund
  4268 | D:5      | Noticed Edmund
  4272 | D:5      | Killed Edmund
  4462 | D:6      | Reached skill level 10 in Long Blades
  4644 | D:6      | Reached skill level 1 in Dodging
  4660 | D:6      | Found a staircase to the Ecumenical Temple.
  4670 | Temple   | Entered the Ecumenical Temple
  4691 | Temple   | Became a worshipper of Warmaster Okawaru
  4715 | D:6      | Identified a scroll of acquirement
  4720 | D:6      | Acquired 730 gold pieces
  4841 | D:6      | Reached XP level 9. HP: 75/75 MP: 8/8
  5025 | D:6      | Reached skill level 1 in Throwing
  5360 | D:7      | Reached skill level 11 in Long Blades
  5587 | D:7      | Reached * piety under Okawaru
  6003 | D:7      | Found a runed translucent gate.
  6004 | D:7      | Found a runed translucent gate.
  6005 | D:7      | Found a runed translucent gate.
  6007 | D:7      | Noticed bmack86's ghost (novice MiFi)
  6007 | D:7      | Noticed a spectral unseen horror
  6319 | D:7      | Reached skill level 12 in Long Blades
  6353 | D:7      | Killed a spectral unseen horror
  6353 | D:7      | Reached ** piety under Okawaru
  6370 | D:7      | Killed bmack86's ghost
  6371 | D:7      | Reached XP level 10. HP: 84/84 MP: 9/9
  6743 | D:8      | Noticed PimpSugar's ghost (novice DsHW)
  6884 | D:8      | Identified the +2 ring mail "Enidoid" {Int+2 Dex+2 Slay+3
                  | SInv}
  6884 | D:8      | Identified the +6 buckler of a wizard's laboratory {rPois
                  | rF++ rCorr MP-9}
  6897 | D:8      | Reached skill level 1 in Stealth
  6897 | D:8      | Found a transporter.
  6906 | D:8      | Found a transporter.
  6921 | D:8      | Reached *** piety under Okawaru
  6947 | D:8      | Identified the ring "Iblif" {*Slow Fly rElec rF+ Str+8}
  6963 | D:8      | Reached skill level 13 in Long Blades
  6967 | D:8      | Killed PimpSugar's ghost
  6975 | D:8      | Received a gift from Okawaru
  8104 | D:9      | Noticed a centaur warrior
  8110 | D:9      | Killed a centaur warrior
  8111 | D:9      | Reached skill level 1 in Invocations
  8261 | D:9      | Reached **** piety under Okawaru
  8518 | D:9      | Reached XP level 11. HP: 94/94 MP: 2/11
  8523 | D:9      | Reached skill level 14 in Long Blades
  8529 | D:9      | Reached skill level 10 in Armour
  8840 | D:10     | Entered Level 10 of the Dungeon
  9037 | D:10     | Noticed Urug
  9044 | D:10     | Killed Urug
  9189 | D:10     | Found a staircase to the Orcish Mines.
  9245 | D:10     | Found a staircase to the Lair.
  9264 | D:10     | Reached skill level 5 in Throwing
  9628 | D:10     | Found a runed translucent gate.
  9629 | D:10     | Found a runed translucent gate.
  9629 | D:10     | Identified the +13 plate armour of Beogh's Righteous Fury
                  | {rF- Int-5 Dex+8 Stlth+}
  9630 | D:10     | Noticed IdlyInterested's ghost (journeyman DsGl)
  9630 | D:10     | Found a runed translucent gate.
  9638 | D:10     | Killed IdlyInterested's ghost
  9642 | D:10     | Reached ***** piety under Okawaru
  9679 | D:10     | Identified the +1 scale mail of the Six Nights {rC+ rCorr}
  9870 | D:11     | Noticed an orc knight
  9878 | D:11     | Killed an orc knight
  9903 | D:11     | Received a gift from Okawaru
 10030 | D:11     | Noticed a centaur warrior
 10041 | D:11     | Noticed a centaur warrior
 10046 | D:11     | Noticed a boulder beetle
 10052 | D:11     | Noticed a centaur warrior
 10066 | D:11     | Killed a boulder beetle
 10066 | D:11     | Received a gift from Okawaru
 10067 | D:11     | Reached skill level 10 in Fighting
 10139 | D:11     | Killed a centaur warrior
 10140 | D:11     | Reached skill level 5 in Dodging
 10140 | D:11     | Killed a centaur warrior
 10142 | D:11     | Killed a centaur warrior
 10143 | D:11     | Reached XP level 12. HP: 108/108 MP: 5/14
 10162 | D:11     | Identified the +7 spear of Xom's Hope {heavy, rF++ rN+
                  | rCorr Str-4}
 10173 | D:11     | Reached skill level 5 in Invocations
 10326 | D:11     | Noticed a two-headed ogre
 10336 | D:11     | Killed a two-headed ogre
 10336 | D:11     | Received a gift from Okawaru
 10359 | D:11     | Noticed a two-headed ogre
 10363 | D:11     | Killed a two-headed ogre
 10395 | D:11     | Noticed a two-headed ogre
 10401 | D:11     | Killed a two-headed ogre
 10698 | D:12     | Noticed Kirke
 10715 | D:12     | Killed Kirke
 10715 | D:12     | Reached ****** piety under Okawaru
 10904 | D:12     | Noticed a boulder beetle
 10916 | D:12     | Killed a boulder beetle
 10916 | D:12     | Received a gift from Okawaru
 11278 | D:12     | Identified the +2 pair of boots of the True Pharaoh {Will++
                  | rCorr Slay+3 Stlth+} (Okawaru gifted it to you on level 12
                  | of the Dungeon)
 11278 | D:12     | Received a gift from Okawaru
 11699 | D:12     | Noticed Erolcha
 11699 | Abyss:2  | Cast into level 2 of the Abyss (Erolcha)
 11791 | Abyss:4  | Noticed a tentacled starspawn
 11795 | Abyss:4  | Noticed a rakshasa
 11797 | Abyss:4  | Noticed a starcursed mass
 11797 | Abyss:4  | Noticed a starcursed mass
 11807 | Abyss:4  | Noticed a rakshasa
 11810 | Abyss:5  | Found a corrupted altar of Lugonu.
 11824 | Abyss:5  | Noticed a tentacled starspawn
 11845 | Abyss:5  | Noticed a tentacled starspawn
 11854 | Abyss:5  | Found a corrupted altar of Lugonu.
 11865 | Abyss:5  | Noticed a starcursed mass
 11866 | Abyss:5  | Noticed a daeva
 11871 | Abyss:5  | Reached XP level 13. HP: 70/122 MP: 8/17
 11888 | Abyss:5  | HP: 3/122 [daeva/divine providence (12)]
 11890 | Abyss:5  | Killed from afar by a daeva

Illustrated notes

Levels and vault maps discovered:
D:1:      sevenhm_arrival_forest_fort_large_2, layout_rooms,
          roderic_roman_lattice
D:2:      layout_loops_corners, serial_shops, nicolae_shop_advertising_works
          [nicolae_subvault_shop_adworks], lemuel_flame_loot_1
D:3:      layout_loops_ring, serial_shops, nicolae_shop_stone, uniq_grinder,
          uniq_terence
D:4:      layout_rooms, mainiacjoe_overflow_big_doors
D:5:      layout_basic, sigmund_edmund_badplayer
D:6:      layout_rooms, minmay_temple_entry_drinking_statues
D:7:      layout_basic, gammafunk_ghost_necromancy,
          nicolae_concentric_dashed_squares_mild, kennysheep_generic_room_2
D:8:      layout_loops_cross, gammafunk_ghost_gnarly_gnolls
D:9:      layout_roguey
D:10:     layout_basic, erik_lair_orcish_takeover, orc_0_dummy,
          biasface_ghost_orc_armoury, small_statue_alley_a, uniq_urug
D:11:     layout_roguey [special_room_orc], minmay_mirror_moons_of_madness
D:12:     layout_layer_cave, uniq_erolcha, uniq_kirke
Temple:   nicolae_temple_slightly_damp_pantheon
Abyss:5:  base: D:8, base: D:8, spicy_abyss_helpful_harpoons,
          kilobyte_mutagenic_chamber,
          evilmike_nicolae_abyss_rune_betentacled_crabyss,
          evilmike_abyss_exit_chaos, minivault_5,
          hangedman_abyss_or_decor_stabs, hangedman_abyss_lost_library,
          minivault_24, minivault_11, minivault_26,
          nicolae_abyss_rune_star_stuff

Skill      XL: |  1  2  3  4  5  6  7  8  9 10 11 12 |
---------------+-------------------------------------+-----
Fighting       | 4 5 6 7 10 13 | 13.5
Shields        | 4 5 6 7 |  7.0
Armour         | 4 5 6 7 8 9 10 | 10.0
Long Blades    | 3 5 6 8 10 12 13 14 | 14.0
Dodging        | 1 3 5 7 |  7.3
Throwing       | 2 4 6 7 |  7.9
Stealth        | 1 |  1.6
Invocations    | 1 4 6 |  6.7

Action                   |  1- 3 |  4- 6 |  7- 9 | 10-12 | 13-15 || total
-------------------------+-------+-------+-------+-------+-------++-------
Melee: Long sword        |    51 |       |       |       |       ||    51
       Headbutt          |     7 |     7 |    24 |    67 |     1 ||   106
       Eudemon blade     |    23 |    57 |   132 |   372 |    10 ||   594
  Use: Scroll            |       |       |     8 |    12 |       ||    20
 Stab: Sleeping          |       |       |       |     2 |       ||     2
       Distracted        |       |       |       |     1 |       ||     1
Armor: Scale mail        |    37 |    11 |    24 |    10 |       ||    82
       Ring mail         |       |       |       |    51 |     2 ||    53
Dodge: Dodged            |    18 |    15 |    37 |   160 |     8 ||   238
Block: Kite shield       |    33 |    16 |    47 |    42 |       ||   138
       Buckler           |       |       |       |   161 |       ||   161

Table legend: (Time is in decaauts)
 A = Elapsed time spent in this place.
 B = Non-inter-level travel time spent in this place.
 C = Inter-level travel time spent in this place.
 D = Time resting spent in this place.
 E = Time spent auto-exploring this place.
 F = Levels seen in this place.
 G = Mean time per level.
                   A        B        C        D        E       F      G
               +--------+--------+--------+--------+--------+-----+--------+
         Total |  12310 |  10935 |   1375 |   2127 |   6606 |  17 |  724.1 |
       Dungeon |  12071 |  10716 |   1355 |   2127 |   6606 |  12 | 1005.9 |
        Temple |     42 |     22 |     20 |      0 |      0 |   1 |   42.0 |
         Abyss |    195 |    195 |      0 |      0 |      0 |   4 |   48.8 |
               +--------+--------+--------+--------+--------+-----+--------+

Top non-repeatable levels by time:
     D:2: 1419 daAuts
     D:7: 1403 daAuts
     D:3: 1118 daAuts
     D:8: 1097 daAuts
     D:9: 1057 daAuts
    D:12: 1012 daAuts
    D:10: 936 daAuts
     D:4: 884 daAuts
     D:5: 877 daAuts
    D:11: 832 daAuts
     D:6: 717 daAuts
     D:1: 716 daAuts
 Abyss:4: 86 daAuts
 Abyss:5: 80 daAuts
  Temple: 42 daAuts
